 Dungeon Crawl Stone Soup version 0.31-a0-263-ge8cad7f256 (webtiles) character file.

Game seed: 8476908634227754237

3236 qw the Skirmisher (level 9, -4/81 HPs)
             Began as a Minotaur Hexslinger on July 13, 2023.
             Was an Initiate of Okawaru.
             Slain by a yak (8 damage)
             ... on level 8 of the Dungeon.
             The game lasted 00:02:50 (7759 turns).

qw the Skirmisher (Minotaur Hexslinger)             Turns: 7759, Time: 00:02:51

Health: -4/81      AC:  9    Str: 14    XL:     9   Next: 66%
Magic:  9/9        EV: 12    Int: 10    God:    Okawaru [......]
Gold:   101        SH:  5    Dex: 16    Spells: 9/10 levels left

rFire   + . .        Y - +3 sling (freeze)
rCold   . . .        (no shield)
rNeg    . . .        b - +0 ring mail
rPois   .            (helmet restricted)
rElec   .            (no cloak)
rCorr   .            (no gloves)
SInv    +            f - +1 pair of boots
Will    +....        c - amulet of reflection
Stlth   +            d - ring of protection from fire
HPRegen 0.33/turn    k - ring of see invisible
MPRegen 0.11/turn

%: reflection, clarity
@: no status effects
A: horns 2, retaliatory headbutt, iridescent scales 1, clarity, strong-willed 1
a: Renounce Religion


You were on level 8 of the Dungeon.
You worshipped Okawaru.
Okawaru was noncommittal.
You visited 2 branches of the dungeon, and saw 9 of its levels.

You collected 452 gold pieces.
You spent 351 gold pieces at shops.


Innate Abilities, Weirdness & Mutations

You have a pair of horns on your head.
You reflexively headbutt those who attack you in melee.
You are partially covered in iridescent scales. (AC +2)
You possess an exceptional clarity of mind.
You are strong-willed. (Will+)


   Skills:
 - Level 8.1 Fighting
 + Level 12.2 Ranged Weapons
 - Level 3.5 Armour
 - Level 4.0 Dodging
 - Level 1.0 Spellcasting
 - Level 2.0 Hexes


You had 9 spell levels left.
You knew the following spells:

 Your Spells              Type           Power      Damage    Failure   Level
a - Slow                  Hex            16%        N/A       30%         1

Your spell library contained the following spells:

 Spells                   Type           Power      Damage    Failure   Level
 Inner Flame              Hex/Fire       2%         N/A       80%         3
 Portal Projectile        Hex/Tloc       4%         N/A       80%         3
 Cause Fear               Hex            2%         N/A       96%         4

Inventory:

Hand Weapons
 Y - a +3 sling of freezing (weapon)
Armour
 b - a +0 ring mail (worn)
 f - a +1 pair of boots (worn)
Jewellery
 c - an amulet of reflection (around neck)
 d - a ring of protection from fire (left hand)
 k - a ring of see invisible (right hand)
 m - a +6 ring of strength
Wands
 l - a wand of digging (8)
Scrolls
 e - a scroll of teleportation
 i - 5 scrolls of identify
Potions
 a - a potion of might
 g - 4 potions of curing
 h - a potion of mutation
 j - a potion of enlightenment
 n - a potion of resistance

Dungeon Overview and Level Annotations

Branches:
Dungeon (8/15)             Temple (1/1) D:6
   Lair: D:8-11

Altars:
Cheibriados
Dithmenos
Elyvilon
Gozag
Hepliaklqana
Makhleb
Nemelex Xobeh
Okawaru
Qazlal
Ru
Sif Muna
Trog
Uskayaw
Vehumet
Wu Jian
Xom
Yredelemnul
Zin
The Shining One

Shops:
D:3 [   D:5 (?   D:7 =

Annotations:
D:2 1 runed translucent door, Crazy Yiuf
D:5 2 transporters, qw's ghost, amateur GrHs
D:6 exclusion: 12 wights


Message History

The sling bullet freezes the yak.
The yak is moderately wounded.
You shoot a sling bullet. The sling bullet hits the yak!
The sling bullet freezes the yak.
The yak is heavily wounded.
The wight barely misses you. The yak gores you! The yak gores you.
You block the yak's attack.
You shoot a sling bullet. The sling bullet hits the yak.
The sling bullet freezes the yak.
The yak is severely wounded.
The wight barely misses you. The yak barely misses you.
You furiously retaliate!
You headbutt the yak!
The yak gores you but does no damage. x2
You shoot a sling bullet. The sling bullet hits the yak.
The sling bullet freezes the yak.
The yak is severely wounded.
The yak completely misses you. The wight barely misses you. The yak misses you.
You furiously retaliate!
You headbutt the yak. The yak gores you but does no damage.
You shoot a sling bullet. The sling bullet hits the yak.
The sling bullet freezes the yak.
The yak is almost dead.
The yak misses you.
The wight hits you from afar with a +1 trident!
You feel drained.
You shoot a sling bullet. The sling bullet hits the yak!
The sling bullet freezes the yak.
You kill the yak!
Okawaru accepts your kill. The wight misses you. The yak gores you.
Your life force feels restored.
Your Fighting skill increases to level 8!
You shoot a sling bullet. The sling bullet hits the yak!
The sling bullet freezes the yak.
The yak is heavily wounded.
The yak barely misses you. The wight closely misses you. The yak gores you! x2
You shoot a sling bullet.
The sling bullet closely misses the yak.
The wight hits you from afar with a +1 trident!
The yak gores you! The yak gores you. The yak gores you!
You die...

..).............#
..............>. #....
#.............. ....$
#............# ......
.............# ......
...##.##....# ###.....#
...##.#....# ##YYz....#
#.......##.####YYYz.....
#......###....##@# ...
#..##)###......#.#.....
..##..#....##......#
..###...##.........# #
......................#
#...#####
....#..................
#.......Y
.######...............#
#########
.####......##.........#
............#........##


You could see 5 yaks and 2 wights.

Vanquished Creatures
  Grinder (D:4)
  4 yaks (D:8)
  A steam dragon (D:7)
  A water moccasin (D:5)
  2 ice beasts
  An ogre (D:7)
  A sky beast (D:6)
  A centaur (D:7)
  3 phantoms
  A bullfrog (D:8)
  2 scorpions
  11 wights
  An electric eel (D:7)
  2 howler monkeys
  5 jellies
  3 orc priests
  Jessica (D:2)
  A sleepcap (D:6)
  2 iguanas (D:5)
  Natasha (thrice) (D:2)
  An orc wizard (D:4)
  5 adders
  10 gnolls
  An ufetubus (D:5)
  A worm (D:2)
  6 dart slugs
  20 orcs
  7 endoplasms
  A giant cockroach (D:4)
  6 goblins
  8 hobgoblins
  2 quokkas
  3 ball pythons
  6 bats
  2 frilled lizards
  8 kobolds
  8 rats
142 creatures vanquished.

Notes
Turn   | Place    | Note
-------+----------+-------------------------------------------
     0 | D:1      | qw the Minotaur Hexslinger began the quest for the Orb.
     0 | D:1      | Reached XP level 1. HP: 16/16 MP: 1/1
     0 | D:1      | 0 ||| qw: Version: 0.3-a-52-g30416fa
     0 | D:1      | 0 ||| qw: Game counter: 7349
     0 | D:1      | 0 ||| qw: Melee chars always use a shield: true
     0 | D:1      | 0 ||| qw: God list: Okawaru
     0 | D:1      | 0 ||| qw: Allow faded altars: false
     0 | D:1      | 0 ||| qw: Do Orc after clearing Dungeon:15 true
     0 | D:1      | 0 ||| qw: Do second Lair branch before Depths: true
     0 | D:1      | 0 ||| qw: Lair rune preference: random
     0 | D:1      | 0 ||| qw: Goals: Normal
     0 | D:1      | 0 ||| PLANNING D:1-11
     2 | D:1      | 2 ||| DROPPING scroll of poison.
   124 | D:1      | Reached skill level 3 in Ranged Weapons
   132 | D:1      | Reached XP level 2. HP: 23/23 MP: 2/2
   457 | D:1      | Reached XP level 3. HP: 19/29 MP: 3/3
   497 | D:1      | You fall into a shaft and drop 1 floor!
   536 | D:2      | 536 ||| UPGRADING to +0 ring mail.
   546 | D:2      | 546 ||| DROPPING +0 robe.
   547 | D:2      | 547 ||| UPGRADING to amulet of the acrobat.
   552 | D:2      | 552 ||| READING scroll labelled SUIHEVV OCOE.
   553 | D:2      | 553 ||| READING scroll labelled JICYCOO USSAET.
   894 | D:2      | Reached skill level 4 in Ranged Weapons
   924 | D:2      | Noticed Jessica
   928 | D:2      | Killed Jessica
   929 | D:2      | Reached XP level 4. HP: 35/36 MP: 4/4
  1033 | D:2      | Noticed Natasha
  1056 | D:2      | Killed Natasha
  1435 | D:2      | Identified the +4 hammer of the Imperium {spect, rC++ MP+9
                  | Str+3 Dex-2}
  1441 | D:2      | Found a runed translucent door.
  1442 | D:2      | Noticed Crazy Yiuf
  1758 | D:2      | Noticed Natasha
  1771 | D:2      | Killed Natasha
  1772 | D:2      | Reached skill level 5 in Ranged Weapons
  1772 | D:2      | Reached XP level 5. HP: 15/41 MP: 5/5
  2000 | D:2      | Noticed Natasha
  2007 | D:2      | Killed Natasha
  2060 | D:2      | 2060 ||| UPGRADING to +0 pair of boots.
  2065 | D:2      | 2065 ||| READING scroll labelled LIYQ SAR KOL.
  2066 | D:2      | 2066 ||| READING scroll labelled XEDGHU LE BUEXA.
  2067 | D:2      | 2067 ||| DRINKING 2 amethyst potions.
  2154 | D:3      | Found a burning altar of Makhleb.
  2156 | D:3      | Found a glowing silver altar of Zin.
  2156 | D:3      | Noticed an angel
  2157 | D:3      | Noticed a balrug
  2326 | D:3      | Reached skill level 3 in Fighting
  2423 | D:3      | Found Heger's Antique Armour Shoppe.
  2712 | D:3      | 2712 ||| READING scroll labelled TADGHO WUMITIO.
  2715 | D:3      | 2715 ||| READING 2 scrolls labelled SUSAPU ANEPS.
  2716 | D:3      | 2716 ||| READING scroll labelled REUKIA FOWETEN.
  2717 | D:3      | 2717 ||| READING scroll labelled QEULID UCSUORI.
  2718 | D:3      | 2718 ||| READING scroll labelled JYIN VYUDIE.
  2719 | D:3      | 2719 ||| DRINKING 2 clear potions.
  2720 | D:3      | 2720 ||| READING 2 scrolls of identify.
  2720 | D:3      | 2720 ||| IDENTIFYING fuming grey potion
  2721 | D:3      | 2721 ||| DROPPING potion of berserk rage.
  2722 | D:3      | 2722 ||| DROPPING scroll of amnesia.
  2780 | D:4      | 2780 ||| READING scroll of enchant weapon.
  2780 | D:4      | 2780 ||| ENCHANTING +2 sling of freezing.
  2870 | D:4      | Reached skill level 6 in Ranged Weapons
  2879 | D:4      | Reached XP level 6. HP: 30/51 MP: 6/6
  2880 | D:4      | HP: 8/51 [orc priest/divine providence (13)]
  3206 | D:4      | Noticed Grinder
  3218 | D:4      | Killed Grinder
  3219 | D:4      | Reached skill level 7 in Ranged Weapons
  3219 | D:4      | Reached XP level 7. HP: 52/60 MP: 7/7
  3291 | D:4      | HP: 14/60 [orc/+0 hand axe (3)]
  3759 | D:4      | 3759 ||| READING scroll labelled GIALIKHULO.
  3760 | D:4      | 3760 ||| DRINKING 2 bubbling pink potions.
  3760 | D:4      | Gained mutation: You are strong-willed. (Will+) [potion of
                  | mutation]
  3760 | D:4      | Gained mutation: You are partially covered in iridescent
                  | scales. (AC +2) [potion of mutation]
  3760 | D:4      | Gained mutation: You possess an exceptional clarity of
                  | mind. [potion of mutation]
  3761 | D:4      | 3761 ||| READING 3 scrolls of identify.
  3761 | D:4      | 3761 ||| IDENTIFYING emerald potion
  3762 | D:4      | 3762 ||| READING 2 scrolls of identify.
  3762 | D:4      | 3762 ||| IDENTIFYING yellow potion
  3763 | D:4      | 3763 ||| DROPPING potion of attraction.
  3817 | D:5      | Entered Level 5 of the Dungeon
  3817 | D:5      | Noticed an eight-headed hydra
  3817 | D:5      | Found Jucsish's Hydra Hut.
  3818 | D:5      | 3818 ||| PLANNING OSSUARY
  3852 | D:5      | 3852 ||| SHOPLISTING +2 longbow of freezing (284 gold, have
                  | 240).
  4072 | D:5      | Reached skill level 8 in Ranged Weapons
  4327 | D:5      | Found a transporter.
  4328 | D:5      | Found a transporter.
  4328 | D:5      | Noticed qw's ghost (amateur GrHs)
  4329 | D:5      | Identified the +7 dire flail "Liwosy" {pain, rPois Str+2}
  4331 | D:5      | Found Omeacen's Magic Scroll Emporium.
  4336 | D:5      | 4336 ||| BUYING scroll of enchant armour (82 gold).
  4336 | D:5      | Bought a scroll of enchant armour for 82 gold pieces
  4336 | D:5      | 4336 ||| BUYING scroll of identify (22 gold).
  4336 | D:5      | Bought a scroll of identify for 22 gold pieces
  4336 | D:5      | 4336 ||| BUYING scroll of identify (22 gold).
  4336 | D:5      | Bought a scroll of identify for 22 gold pieces
  4342 | D:5      | 4342 ||| READING scroll of enchant armour.
  4342 | D:5      | 4342 ||| ENCHANTING +0 pair of boots.
  4398 | D:5      | 4398 ||| Stepping ~*~*~tactically~*~*~ (outnumbered).
  4413 | D:5      | 4413 ||| FLEEEEING.
  4414 | D:5      | 4414 ||| FLEEEEING.
  4415 | D:5      | 4415 ||| FLEEEEING.
  4416 | D:5      | 4416 ||| FLEEEEING.
  4444 | D:5      | Reached skill level 9 in Ranged Weapons
  4502 | D:5      | 4502 ||| RIP OSSUARY
  4642 | D:5      | 4642 ||| PLANNING D:1-11
  4652 | D:5      | 4652 ||| UPGRADING to amulet of reflection.
  4662 | D:5      | 4662 ||| DROPPING amulet of the acrobat.
  4663 | D:5      | 4663 ||| READING 5 scrolls of identify.
  4663 | D:5      | 4663 ||| IDENTIFYING inky potion
  4664 | D:5      | 4664 ||| READING 4 scrolls of identify.
  4664 | D:5      | 4664 ||| IDENTIFYING pink potion
  4674 | D:6      | 4674 ||| STAIRDANCE
  4688 | D:5      | Reached XP level 8. HP: 20/70 MP: 8/8
  4962 | D:6      | Reached skill level 6 in Fighting
  5057 | D:6      | Reached skill level 3 in Dodging
  5075 | D:6      | 5075 ||| FLEEEEING.
  5159 | D:6      | HP: 11/68 [wight/+0 halberd (15)]
  5160 | D:6      | 5160 ||| READING scroll of teleportation.
  5161 | D:6      | 5161 ||| DRINKING potion of heal wounds.
  5163 | D:6      | Found a staircase to the Ecumenical Temple.
  5164 | D:6      | 5164 ||| PLANNING TEMPLE
  5258 | D:6      | 5258 ||| UPGRADING to ring of protection from fire.
  5265 | Temple   | Entered the Ecumenical Temple
  5436 | Temple   | 5436 ||| PLANNING D:1-11
  5461 | D:6      | Reached skill level 10 in Ranged Weapons
  6063 | D:6      | 6063 ||| READING scroll labelled IHIOSIGH QATUQ.
  6065 | D:6      | 6065 ||| READING 3 scrolls of identify.
  6065 | D:6      | 6065 ||| IDENTIFYING orange potion
  6067 | D:6      | 6067 ||| DROPPING potion of degeneration.
  6079 | D:6      | HP: 15/65 [wight/+0 trident (2)]
  6082 | D:6      | 6082 ||| FLEEEEING.
  6083 | D:6      | 6083 ||| FLEEEEING.
  6084 | D:6      | 6084 ||| FLEEEEING.
  6541 | D:7      | Reached XP level 9. HP: 74/76 MP: 9/9
  6591 | D:7      | Found Bixooq's Jewellery Boutique.
  6600 | D:7      | 6600 ||| SHOPLISTING +4 ring of slaying (1170 gold, have
                  | 245).
  6600 | D:7      | 6600 ||| SHOPLISTING amulet of faith (600 gold, have 245).
  6600 | D:7      | 6600 ||| SHOPLISTING brooch of Shielding {Spirit SH+8} (975
                  | gold, have 245).
  6600 | D:7      | 6600 ||| SHOPLISTING ring of fire (375 gold, have 245).
  6600 | D:7      | 6600 ||| BUYING ring of see invisible (225 gold).
  6600 | D:7      | Bought a ring of see invisible for 225 gold pieces
  6606 | D:7      | Found a shimmering blue altar of Sif Muna.
  6686 | D:7      | 6686 ||| UPGRADING to ring of see invisible.
  6743 | D:7      | 6743 ||| Stepping ~*~*~tactically~*~*~ (water).
  6745 | D:7      | Reached skill level 11 in Ranged Weapons
  6984 | D:7      | Reached skill level 3 in Armour
  7155 | D:7      | 7155 ||| Stepping ~*~*~tactically~*~*~ (water).
  7309 | D:7      | Found a shadowy altar of Dithmenos.
  7309 | D:7      | Found a stormy altar of Qazlal.
  7316 | D:7      | Found a basalt altar of Yredelemnul.
  7318 | D:7      | Found an iron altar of Okawaru.
  7319 | D:7      | 7319 ||| PLANNING OKAWARU WORSHIP
  7320 | D:7      | Found a hazy altar of Hepliaklqana.
  7324 | D:7      | Became a worshipper of Warmaster Okawaru
  7325 | D:7      | 7325 ||| PLANNING D:1-11
  7468 | D:8      | 7468 ||| Stepping ~*~*~tactically~*~*~ (outnumbered).
  7485 | D:8      | HP: 19/79 [wight/+1 trident (1)]
  7486 | D:8      | 7486 ||| READING 5 scrolls of teleportation.
  7490 | D:8      | 7490 ||| READING 4 scrolls of teleportation.
  7495 | D:8      | 7495 ||| READING 3 scrolls of teleportation.
  7496 | D:8      | 7496 ||| FLEEEEING.
  7497 | D:8      | 7497 ||| FLEEEEING.
  7503 | D:8      | 7503 ||| READING 2 scrolls of teleportation.
  7506 | D:8      | HP: 16/79 [yak (4)]
  7526 | D:8      | 7526 ||| FLEEEEING.
  7529 | D:8      | 7529 ||| STAIRDANCE
  7698 | D:7      | 7698 ||| READING scroll labelled UTHRUG RAMIJUHU.
  7744 | D:8      | Reached skill level 12 in Ranged Weapons
  7759 | D:8      | HP: 16/81 [wight/+1 trident (7)]
  7759 | D:8      | HP: 7/81 [yak (9)]
  7759 | D:8      | Slain by a yak

Levels and vault maps discovered:
D:1:      minmay_arrival_glassed_features, layout_basic, minmay_rat_gold_closets
D:2:      layout_loops_corners, uniq_jessica, uniq_natasha,
          uniq_crazy_yiuf_cottage
D:3:      layout_basic, grunt_temple_overflow_order_and_chaos_2, serial_shops,
          nicolae_shop_window_shopping, corexii_item_surrounded_by_moat,
          lemuel_flame_loot_1
D:4:      layout_basic, uniq_grinder
D:5:      layout_loops_ring, lightli_ossuary_entry_decrepit_ruins, serial_shops,
          nicolae_shop_waterfront, gammafunk_ghost_smash, nicolae_hexahallways,
          minmay_misc_feat_iff, doesnt_shop_hydraphobe
D:6:      minmay_chambers_of_sixes, layout_loops_corners,
          minmay_temple_entry_sparse_star
D:7:      layout_loops_ring, chequers_temple_overflow_minitemple,
          overflow_temple_1_default, serial_shops, shop, serial_bayou_ford_a,
          serial_bayou_pond_c, minmay_hedge_maze
D:8:      layout_cave_pools, serial_gnoll_camp, gnoll_camp_medium_02,
          gnoll_camp_mini_hut, gnoll_camp_mini_hut, gnoll_camp_mini_doghouse,
          gnoll_camp_mini_doghouse, serial_bayou_pond_e
Temple:   bh_familiar_temple

Skill      XL: |  1  2  3  4  5  6  7  8  9 |
---------------+----------------------------+-----
Ranged Weapons | 3 4 5 6 7 9 10 12 | 12.2
Fighting       | 2 3 4 5 7 8 |  8.1
Armour         | 2 3 |  3.5
Dodging        | 3 4 |  4.0
Spellcasting   | |  1.0
Hexes          | |  2.0

Action                     |  1- 3 |  4- 6 |  7- 9 || total
---------------------------+-------+-------+-------++-------
   Fire: Sling             |   103 |   170 |   326 ||   599
    Use: Scroll            |     2 |     9 |    14 ||    25
         Potion            |       |     2 |     2 ||     4
 Armour: Robe              |     2 |       |       ||     2
         Ring mail         |    11 |    42 |    60 ||   113
  Dodge: Dodged            |    24 |    54 |   102 ||   180
  Block: Other             |       |       |    29 ||    29
         Reflection        |       |       |     3 ||     3

Table legend:
 A = Non-vault XP
 B = Vault XP
 C = Vault XP percentage of total XP
 D = Non-vault monster count
 E = Vault monster count
 F = Vault count percentage of total count
                 A         B        C        D         E       F
            +---------+---------+-------+---------+---------+-------
      Total |    4237 |     387 |   8.4 |     131 |      11 |   7.7
            +---------+---------+-------+---------+---------+-------
        D:1 |      54 |       6 |  10.0 |      23 |       6 |  20.7
        D:2 |     102 |      72 |  41.4 |      12 |       2 |  14.3
        D:3 |      44 |       0 |   0.0 |      12 |       0 |   0.0
        D:4 |     294 |     281 |  48.9 |      27 |       1 |   3.6
        D:5 |     687 |       0 |   0.0 |      19 |       0 |   0.0
        D:6 |    1209 |       0 |   0.0 |      21 |       0 |   0.0
        D:7 |     705 |       0 |   0.0 |       8 |       0 |   0.0
        D:8 |    1142 |      28 |   2.4 |       9 |       2 |  18.2
            +---------+---------+-------+---------+---------+-------
